 Dungeon Crawl Stone Soup version 0.27-a0-1359-ga2a4dfd6fd (webtiles) character file.

Game seed: 7380558578749541100

11211 lunkers the Covert (level 11, -12/75 HPs)
             Began as an Octopode Venom Mage on June 29, 2021.
             Was a Believer of Vehumet.
             Mangled by a four-headed hydra (17 damage)
             ... on level 11 of the Dungeon.
             The game lasted 00:24:15 (16703 turns).

lunkers the Covert (Octopode Venom Mage)           Turns: 16703, Time: 00:24:16

Health: -12/75     AC:  1    Str:  7    XL:     11   Next: 74%
Magic:  13/24      EV: 13    Int: 21    God:    Vehumet [**....]
Gold:   1021       SH:  0    Dex: 13    Spells: 16/29 levels left

rFire    . . .     SeeInvis +   a - staff of poison
rCold    . . .     Faith    .   (no shield)
rNeg     . . .     Spirit   .   (helmet restricted)
rPois    +         Reflect  .   (no amulet)
rElec    .         Harm     .   m - ring of see invisible
rCorr    +         Rampage  .   q - ring of resist corrosion
Will     .....                  y - ring of wizardry
Stlth    +++++.....             A - ring of fire
HPRegen  0.22/turn              v - ring of ice
MPRegen  0.19/turn              (no ring)
                                (no ring)
                                (no ring)

@: no status effects
A: almost no armour, amphibious, 8 rings, camouflage 1, gelatinous body 1,
(nimble swimmer 1), tentacles
a: Renounce Religion


You were on level 11 of the Dungeon.
You worshipped Vehumet.
Vehumet was pleased with you.
You visited 2 branches of the dungeon, and saw 12 of its levels.

You collected 1021 gold pieces.

Inventory:

Hand Weapons
 g - a +0 short sword of draining
Magical Staves
 a - a staff of poison (weapon)
Jewellery
 m - a ring of see invisible (left tentacle)
 q - a ring of resist corrosion (right tentacle)
 v - a ring of ice (on tentacle)
 y - a ring of wizardry (on tentacle)
 A - a ring of fire (on tentacle)
 C - a ring of fire
 D - a ring of fire
Wands
 e - a wand of paralysis (16)
 p - a wand of mindburst (16)
 s - a wand of flame (22)
 u - a wand of acid (5)
Scrolls
 k - 4 scrolls of enchant armour
 l - 5 scrolls of teleportation
 n - 5 scrolls of identify
 o - a scroll of amnesia {unknown}
 w - 2 scrolls of enchant weapon {unknown}
 z - a scroll of holy word {unknown}
 B - a scroll of blinking {unknown}
 F - a scroll of immolation {unknown}
Potions
 b - 6 potions of curing
 c - 3 potions of heal wounds
 d - a potion of lignification {unknown}
 f - a potion of berserk rage {unknown}
 h - 2 potions of brilliance {unknown}
 i - 2 potions of invisibility
 j - 2 potions of mutation {unknown}
 r - a potion of degeneration {unknown}
 t - 2 potions of attraction {unknown}
 x - a potion of might {unknown}
 E - 2 potions of haste {unknown}


   Skills:
 + Level 7.3 Fighting
 - Level 2.0 Dodging
 - Level 10.0 Stealth
 + Level 9.8 Spellcasting
 * Level 9.0 Conjurations
 - Level 1.0 Transmutations
 - Level 9.0 Poison Magic


You had 16 spell levels left.
You knew the following spells:

 Your Spells              Type           Power      Damage    Failure   Level
a - Poisonous Vapours     Pois/Air       86%        N/A       1%          2
b - Sting                 Tmut/Pois      100%       1d8       1%          1
c - Olgreb's Toxic Radia  Pois           64%        N/A       1%          4
d - Mephitic Cloud        Conj/Pois/Air  52%        N/A       1%          3
e - Ignite Poison         Fire/Tmut/Pois 53%        N/A       1%          3

Your spell library contained the following spells:

 Spells                   Type           Power      Damage    Failure   Level
 Searing Ray              Conj           96%        3d7       1%          2
 Foxfire                  Conj/Fire      100%       2x1d9     1%          1
 Magic Dart               Conj           100%       1d8       1%          1
 Conjure Flame            Conj/Fire      44%        6-21      1%          3
 Stone Arrow              Conj/Erth      58%        3d10      1%          3
 Sandblast                Erth           20%        2d7       2%          1
 Passwall                 Tmut/Erth      10%        N/A       3%          2
 Blink                    Tloc           N/A        N/A       4%          2
 Call Imp                 Summ           10%        N/A       4%          2
 Slow                     Hex            10%        N/A       4%          2
 Sticky Flame             Conj/Fire      44%        2d6       4%          4
 Inner Flame              Hex/Fire       15%        N/A       9%          3
 Fireball                 Conj/Fire      22%        3d10      12%         5
 Petrify                  Tmut/Erth      12%        N/A       21%         4
 Lee's Rapid Deconstruct  Erth           5%         3d7*      56%         5


Dungeon Overview and Level Annotations

Branches:
Dungeon (11/15)            Temple (1/1) D:4
   Lair: D:8-11         Orc: D:9-12

Altars:
Ashenzari
Cheibriados
Dithmenos
Elyvilon
Fedhas
Gozag
Hepliaklqana
Kikubaaqudgha
Makhleb
Okawaru
Qazlal
Ru
Trog
Uskayaw
Vehumet
Wu Jian
Xom
Yredelemnul
Zin
The Shining One

Annotations:
D:10 2 runed translucent doors


Innate Abilities, Weirdness & Mutations

You cannot wear most types of armour.
You are amphibious.
You can wear up to eight rings at the same time.
Your skin changes colour to match your surroundings (Stealth+).
Your rubbery body absorbs attacks. (AC +1, EV +1)
((You are camouflaged near water. (Stealth+)))
You have tentacles for arms and can constrict up to eight enemies at once.


Message History

The acid dragon is engulfed in blazing flames.
The acid dragon spits acid at you. The splash of acid hits you. You resist.
You are splashed with acid.
You resist.
Unknown command.
Unknown command.
Casting: Mephitic Cloud (safe; 1% risk of failure)
Confirm with . or Enter, or press ? or * to list all spells.
You feel a strong surge of power!
You ignite the poison in your surroundings!
The acid dragon is engulfed in blazing flames.
Unknown command.
Casting: Ignite Poison (safe; 1% risk of failure)
Confirm with . or Enter, or press ? or * to list all spells.
Okay, then.
Casting: Ignite Poison (safe; 1% risk of failure)
Confirm with . or Enter, or press ? or * to list all spells.
Okay, then.
Unknown command.
Aiming: Paralyse
Press: ? - help, Shift-Dir - straight line, f - four-headed hydra
Aim: a four-headed hydra (flame, chance to affect: 15%)
The four-headed hydra resists with almost no effort.
The acid dragon is engulfed in blazing flames.
You kill the acid dragon!
Vehumet accepts your kill.
The four-headed hydra is engulfed in blazing flames.
The four-headed hydra bites you! x3
* * * LOW HITPOINT WARNING * * *
The four-headed hydra bites you.
* * * LOW HITPOINT WARNING * * *
The four-headed hydra is engulfed in blazing flames.
The four-headed hydra bites you.
* * * LOW HITPOINT WARNING * * *
The four-headed hydra bites you!
* * * LOW HITPOINT WARNING * * *
The four-headed hydra bites you!
* * * LOW HITPOINT WARNING * * *
The four-headed hydra bites you!
You die...

#...# #...#
#...# #...#
#.§○# .
.#####☼○.####...
.......○D.°☼....
>......@<.°☼....
################


You could see a four-headed hydra.

Vanquished Creatures
  Erica (D:9)
  2 two-headed ogres (D:9)
  Pikel (D:6)
  A cyclops (D:10)
  Psyche (D:9)
  A troll (D:9)
  A hornet (D:10)
  Grinder (D:4)
  A vampire (D:9)
  2 wyverns
  A wraith (D:9)
  14 yaks
  A steam dragon (D:10)
  Menkaure (D:5)
  4 acid dragons
  3 water moccasins
  Duvessa (D:7)
  4 orc warriors
  2 sky beasts
  A black bear (D:6)
  2 ice beasts
  An ogre (D:6)
  4 centaurs
  A phantom (D:4)
  3 kobold brigands (D:9)
  5 bullfrogs
  A gnoll sergeant (D:9)
  A wyvern zombie (D:9)
  A scorpion (D:6)
  Dowan (D:7)
  13 killer bees
  9 wights
  2 howler monkeys (D:9)
  A bullfrog zombie (D:6)
  2 centaur zombies (D:6)
  A jelly (D:8)
  2 hounds
  A bullfrog skeleton (D:7)
  A gnoll shaman (D:9)
  Jessica (D:3)
  4 iguanas
  13 orc wizards
  A killer bee zombie (D:8)
  2 hound skeletons
  2 howler monkey zombies (D:9)
  Robin (D:3)
  4 adders
  A white imp (D:6)
  A worm (D:3)
  2 dart slugs (D:2)
  26 orcs
  4 bats
  3 endoplasms
  2 giant cockroaches (D:2)
  13 goblins
  5 hobgoblins (D:3)
  5 jackals
  A quokka (D:2)
  4 ball pythons
  2 frilled lizards
  22 kobolds
  3 rats
218 creatures vanquished.

Notes
Turn   | Place    | Note
-------+----------+-------------------------------------------
     0 | D:1      | lunkers the Octopode Venom Mage began the quest for the
                  | Orb.
     0 | D:1      | Reached XP level 1. HP: 11/11 MP: 3/3
   389 | D:1      | Reached XP level 2. HP: 10/17 MP: 0/5
  1340 | D:2      | Reached XP level 3. HP: 21/21 MP: 4/6
  1380 | D:2      | Found an ancient bone altar of Kikubaaqudgha.
  1412 | D:2      | Learned a level 2 spell: Poisonous Vapours
  1896 | D:2      | Found a faded altar of an unknown god.
  1939 | D:2      | Reached skill level 5 in Poison Magic
  2711 | D:3      | Reached XP level 4. HP: 27/27 MP: 1/8
  2811 | D:3      | Noticed Jessica
  2820 | D:3      | Killed Jessica
  2905 | D:3      | Reached XP level 5. HP: 16/31 MP: 2/9
  3069 | D:3      | Noticed Robin
  3075 | D:3      | Killed Robin
  3574 | D:3      | Learned a level 4 spell: Olgreb's Toxic Radiance
  3578 | D:3      | Learned a level 3 spell: Mephitic Cloud
  4655 | D:4      | Found a staircase to the Ecumenical Temple.
  4679 | Temple   | Entered the Ecumenical Temple
  4832 | Temple   | Became a worshipper of Vehumet
  5164 | D:4      | Noticed Grinder
  5360 | D:4      | Noticed a phantom
  5511 | D:5      | Entered Level 5 of the Dungeon
  5726 | D:5      | Reached XP level 6. HP: 33/36 MP: 4/11
  5731 | D:5      | Reached skill level 1 in Conjurations
  5781 | D:5      | Found a blossoming altar of Fedhas.
  6154 | D:5      | Noticed Menkaure
  6666 | D:6      | Reached XP level 7. HP: 13/41 MP: 3/13
  6901 | D:6      | Found a burning altar of Makhleb.
  7232 | D:5      | Learned a level 3 spell: Ignite Poison
  7325 | D:5      | Found a sacrificial altar of Ru.
  7473 | D:6      | Reached skill level 5 in Spellcasting
  7595 | D:6      | Reached XP level 8. HP: 46/46 MP: 3/16
  7809 | D:6      | Noticed Pikel
  7817 | D:6      | Killed Pikel
  8190 | D:6      | Reached skill level 3 in Stealth
  8194 | D:6      | Reached skill level 1 in Fighting
  8498 | D:6      | Reached skill level 4 in Stealth
  8645 | D:6      | Found an iron altar of Okawaru.
  8917 | D:4      | Paralysed by Grinder for 3 turns
  8925 | D:4      | Killed Grinder
  8926 | D:4      | Reached XP level 9. HP: 33/55 MP: 8/20
  8953 | D:4      | Reached skill level 5 in Stealth
  9513 | D:5      | Killed Menkaure
 10143 | D:7      | Noticed Duvessa
 10143 | D:7      | Noticed Dowan
 10153 | D:7      | Killed Dowan
 10153 | D:7      | Killed Duvessa
 10154 | D:7      | Reached skill level 6 in Stealth
 10657 | D:7      | Identified the +5 lajatang of Indignation {freeze, rF+}
 11112 | D:7      | Reached * piety under Vehumet
 11112 | D:7      | Offered knowledge of Freeze by Vehumet.
 11632 | D:8      | Identified the +1 robe "Nattexza" {Rampage Int+3}
 11640 | D:8      | Reached skill level 7 in Stealth
 11827 | D:8      | Reached XP level 10. HP: 60/65 MP: 10/22
 12711 | D:9      | Noticed Erica
 12723 | D:9      | Killed Erica
 12724 | D:9      | Reached skill level 5 in Fighting
 12724 | D:9      | Reached skill level 8 in Stealth
 12724 | D:9      | Reached skill level 5 in Conjurations
 13530 | D:9      | Found a bloodstained altar of Trog.
 13538 | D:9      | Found a hazy altar of Hepliaklqana.
 13798 | D:9      | Offered knowledge of Static Discharge by Vehumet.
 13902 | D:9      | Noticed a two-headed ogre
 14056 | D:9      | Reached skill level 9 in Stealth
 14176 | D:9      | Reached ** piety under Vehumet
 14208 | D:9      | Killed a two-headed ogre
 14209 | D:9      | Reached XP level 11. HP: 60/72 MP: 11/24
 14497 | D:9      | Noticed a two-headed ogre
 14527 | D:9      | Killed a two-headed ogre
 14695 | D:9      | Reached skill level 10 in Stealth
 14980 | D:9      | Found a basalt altar of Yredelemnul.
 14980 | D:9      | Noticed Psyche
 15024 | D:9      | Killed Psyche
 15449 | D:10     | Entered Level 10 of the Dungeon
 15784 | D:10     | Noticed a cyclops
 15789 | D:10     | Killed a cyclops
 15816 | D:10     | Found a snail-covered altar of Cheibriados.
 15897 | D:10     | Found an ancient bone altar of Kikubaaqudgha.
 15898 | D:10     | Found a broken altar of Ashenzari.
 16182 | D:10     | Offered knowledge of Searing Ray by Vehumet.
 16357 | D:10     | Found a large runed translucent door.
 16357 | D:10     | Found a large runed translucent door.
 16383 | D:10     | Found a stormy altar of Qazlal.
 16697 | D:11     | Noticed a four-headed hydra
 16703 | D:11     | Mangled by a four-headed hydra

Illustrated notes

Levels and vault maps discovered:
D:1:      saegor_arrival_under_anarchy, layout_basic
D:2:      layout_loops_corners, hellmonk_ecumenical_altar_pennies_from_heaven,
          basic_altar, minmay_tree_intersection
D:3:      layout_loops_ring, grunt_decor_arrowhead, uniq_robin, uniq_jessica
D:4:      layout_loops_ring, minmay_temple_entry_slanted, uniq_grinder
D:5:      layout_loops_ring, amcnicky_altar_gilded, general_overflow_altar,
          uniq_menkaure
D:6:      layout_rooms, nicolae_overflow_hidden_temple, lemuel_tele_altar,
          kennysheep_cluttered_room, kennysheep_donut, hangedman_decor_riveting,
          uniq_pikel
D:7:      layout_basic, uniq_duvessa
D:8:      layout_basic, lemuel_flamethrower_1
D:9:      minmay_polygon_palace, layout_loops_ring, kennysheep_little_box,
          lemuel_doored_altar, bloody_trog, uniq_erica, uniq_psyche
D:10:     layout_roguey, nicolae_overflow_crystal_walls,
          grunt_temple_overflow_open, jmf_multi_god_temple2, minmay_holes,
          minmay_misc_feat_diagonals
D:11:     layout_long_grid, lair_entry_dummy, orc_0_dummy, serial_shops,
          nicolae_shop_behind_doors
Temple:   compressed_dpeg_triangle_lava_temple

Skill      XL: |  1  2  3  4  5  6  7  8  9 10 11 |
---------------+----------------------------------+-----
Poison Magic   | 4 5 6 7 8 9 |  9.0
Spellcasting   | 3 4 5 7 8 9 |  9.8
Conjurations   | 2 4 7 9 |  9.0
Stealth        | 4 7 9 10 | 10.0
Fighting       | 2 4 6 7 |  7.3
Dodging        | |  2.0
Transmutations | |  1.0

Action                   |  1- 3 |  4- 6 |  7- 9 | 10-12 || total
-------------------------+-------+-------+-------+-------++-------
Melee: Unarmed           |     4 |       |       |     2 ||     6
       Short sword       |     6 |       |       |       ||     6
       Constrict         |     4 |    16 |    10 |     6 ||    36
       Tentacles         |     1 |    11 |    13 |     8 ||    33
       Staff             |     9 |    51 |    45 |    22 ||   127
 Cast: Sting             |    25 |     3 |       |       ||    28
       Poisonous Vapours |    26 |    78 |    69 |    71 ||   244
       Olgreb's Toxic Ra |       |     3 |    11 |    34 ||    48
       Ignite Poison     |       |       |    22 |    28 ||    50
       Mephitic Cloud    |       |       |    21 |    26 ||    47
Evoke: Wand              |       |       |       |     3 ||     3
  Use: Scroll            |       |     5 |     1 |       ||     6
       Potion            |       |       |     1 |       ||     1
 Stab: Sleeping          |       |       |     1 |     1 ||     2
       Distracted        |       |       |       |     1 ||     1
Armor: Skin              |     3 |     1 |    10 |     7 ||    21
Dodge: Dodged            |    15 |    50 |    75 |    57 ||   197

Table legend: (Time is in decaauts)
 A = Elapsed time spent in this place.
 B = Non-inter-level travel time spent in this place.
 C = Inter-level travel time spent in this place.
 D = Time resting spent in this place.
 E = Time spent auto-exploring this place.
 F = Levels seen in this place.
 G = Mean time per level.
                   A        B        C        D        E       F      G
               +--------+--------+--------+--------+--------+-----+--------+
         Total |  16739 |  16083 |    656 |   2933 |  11209 |  12 | 1394.9 |
       Dungeon |  16369 |  15713 |    656 |   2933 |  10879 |  11 | 1488.1 |
        Temple |    370 |    370 |      0 |      0 |    330 |   1 |  370.0 |
               +--------+--------+--------+--------+--------+-----+--------+

Top non-repeatable levels by time:
     D:9: 2755 daAuts
     D:3: 2279 daAuts
     D:5: 1954 daAuts
     D:6: 1802 daAuts
     D:4: 1417 daAuts
     D:2: 1347 daAuts
     D:7: 1323 daAuts
    D:10: 1248 daAuts
     D:8: 1181 daAuts
     D:1: 1054 daAuts
  Temple: 370 daAuts
    D:11: 5 daAuts
